 Dungeon Crawl Stone Soup version 0.30.0-29-ga12c61a403 (webtiles) character file.

Game seed: 11230499357081027301

67159 Peloso the Tortoise (level 14, -7/133 HPs)
             Began as a Minotaur Fighter on June 15, 2023.
             Was a High Priest of Okawaru.
             Mangled by a skeletal warrior
             ... wielding a +0 scimitar
              (10 damage)
             ... on level 14 of the Dungeon.
             The game lasted 00:52:09 (22907 turns).

Peloso the Tortoise (Minotaur Fighter)             Turns: 22907, Time: 00:52:11

Health: -7/133     AC: 31    Str: 24    XL:     14   Next: 81%
Magic:  5/5        EV:  7    Int: 14    God:    Okawaru [*****.]
Gold:   1837       SH: 10    Dex:  8    Spells: 13/13 levels left

rFire   + + .        b - +11 short sword "Miluom" {antimagic, rPois Int+9 Dex-4}
rCold   + . .        d - +3 buckler "Doquata" {rF++ Will+}
rNeg    . . .        R - +0 crystal plate armour {rC+}
rPois   +            (helmet restricted)
rElec   .            (no cloak)
rCorr   .            J - +2 pair of gloves {hurl}
SInv    .            L - +2 pair of boots {Fly}
Will    ++...        (no amulet) Stlth
                     (no ring)
HPRegen 0.42/turn    (no ring)
MPRegen 0.09/turn

%: no passive effects
@: lethally poisoned (-7 -> -32), flying
A: horns 2, retaliatory headbutt
a: Renounce Religion, Heroism, Finesse, Duel


You were on level 14 of the Dungeon.
You worshipped Okawaru.
Okawaru was extremely pleased with you.
You visited 4 branches of the dungeon, and saw 21 of its levels.
You also visited: Ice Cave.

You collected 1837 gold pieces.

Inventory:

Hand Weapons
 a - a +3 falchion
 b - the +11 short sword "Miluom" (weapon) {antimagic, rPois Int+9 Dex-4}
   (You found it on level 4 of the Lair of Beasts)

   Int:       It affects your intelligence (+9).
   Dex:       It affects your dexterity (-4).
   rPois:     It protects you from poison.
Armour
 c - a +0 chain mail
 d - the +3 buckler "Doquata" (worn) {rF++ Will+}
   (Okawaru gifted it to you on level 2 of the Lair of Beasts)

   rF:        It greatly protects you from fire.
   Will:      It increases your willpower.
 J - a +2 pair of gloves of hurling (worn)
 L - a +2 pair of boots of flying (worn)
 R - a +0 crystal plate armour of cold resistance (worn)
Jewellery
 i - a ring of flight
 o - a ring of protection from fire
Wands
 G - a wand of digging (1)
Scrolls
 e - 2 scrolls of fear
 f - a scroll of brand weapon
 g - a scroll of amnesia
 h - 4 scrolls of immolation
 k - 2 scrolls of poison
 n - a scroll of fog
 s - 3 scrolls of teleportation
 B - 4 scrolls of identify
 E - a scroll of magic mapping
Potions
 j - a potion of invisibility
 q - 6 potions of curing
 u - 4 potions of might
 A - 9 potions of flight
 K - 2 potions of resistance
 M - 3 potions of haste
 N - a potion of berserk rage
 Q - 2 potions of heal wounds


   Skills:
 + Level 14.6 Fighting
 + Level 13.2(13.6) Short Blades
 + Level 5.9(11.0) Long Blades
 + Level 16.0 Armour
 + Level 7.4 Dodging
 + Level 3.0 Stealth
 + Level 15.3 Shields
 + Level 3.9 Invocations
 + Level 0.4 Evocations


You had 13 spell levels left.
You didn't know any spells.
Your spell library contained the following spells:

 Spells                   Type           Power      Damage    Failure   Level
 Slow                     Hex            0%         N/A       100%        1
 Lesser Beckoning         Tloc           0%         N/A       100%        2
 Static Discharge         Conj/Air       0%         2-2/arc   100%        2
 Confusing Touch          Hex            0%         N/A       100%        3
 Dazzling Flash           Conj/Hex       0%         N/A       100%        3
 Gell's Gravitas          Tloc           0%         N/A       100%        3
 Teleport Other           Tloc           0%         N/A       100%        3
 Vampiric Draining        Necr           0%         2d6       100%        3
 Vhi's Electric Charge    Tloc/Air       0%         N/A       100%        3
 Airstrike                Air            0%         2d(0-16)  100%        4
 Manifold Assault         Tloc           0%         N/A       100%        4
 Petrify                  Tmut/Erth      0%         N/A       100%        4
 Agony                    Necr           0%         N/A       100%        5
 Arcjolt                  Conj/Air       0%         1d10      100%        5
 Blade Hands              Tmut           0%         N/A       100%        5
 Metabolic Englaciation   Hex/Ice        0%         N/A       100%        5
 Silence                  Hex/Air        0%         N/A       100%        5
 Dispersal                Tloc           0%         N/A       100%        6
 Iron Shot                Conj/Erth      0%         9d1       100%        6
 Plasma Beam              Fire/Air       0%         2x1d11    100%        6
 Statue Form              Tmut/Erth      0%         N/A       100%        6
 Disjunction              Tloc           0%         N/A       100%        8
 Animate Armour           Summ/Erth      Unusable   N/A       N/A         4
 Summon Lightning Spire   Summ/Air       Unusable   N/A       N/A         4

Dungeon Overview and Level Annotations

Branches:
Dungeon (14/15)            Temple (1/1) D:4            Lair (4/5) D:11
 Shoals (0/4) Lair:3       Spider (0/4) Lair:3          Orc (2/2) D:11
    Elf (0/3) Orc:2        Vaults (0/5) D:13          IceCv (visited)
  Slime: Lair:4-5

Altars:
Ashenzari
Cheibriados
Dithmenos
Elyvilon
Fedhas
Gozag
Hepliaklqana
Kikubaaqudgha
Makhleb
Nemelex Xobeh
Okawaru
Qazlal
Ru
Sif Muna
Trog
Uskayaw
Vehumet
Wu Jian
Xom
Yredelemnul
Zin
The Shining One

Shops:
D:2 !   D:6 (   D:8 (   D:12 *(=   D:13 [   Orc:2 :(:!

Annotations:
D:14 Nessos
Lair:3 Casa
Lair:4 2 runed translucent doors, HunfridMar's ghost, journeyman DECj


Innate Abilities, Weirdness & Mutations

You have a pair of horns on your head.
You reflexively headbutt those who attack you in melee.


Message History

The skeletal warrior hits you but does no damage.
Nessos casts a spell.
Nessos blinks!
Unknown command.
Nessos shoots an arrow.
The arrow hits you but does no damage.
Nessos shoots an arrow.
You block the arrow.
Nessos shoots an arrow.
The arrow hits you!
* * * LOW HITPOINT WARNING * * *
The arrow burns you.
You are poisoned.
* * * LOW HITPOINT WARNING * * *
Nessos shoots an arrow.
You block the arrow.
Nessos intently looks at you, slowly moving their tail.
The skeletal warrior attacks as you move away!
The skeletal warrior hits you but does no damage.
You feel very sick.
Nessos shoots an arrow.
You block the arrow.
Unknown command.
The skeletal warrior attacks as you move away!
The skeletal warrior hits you with a +0 scimitar.
* * * LOW HITPOINT WARNING * * *
You feel very sick.
Nessos casts a spell.
Nessos blinks!
Unknown command.
The wraith attacks as you move away! The wraith hits you but does no damage.
You feel very sick.
Nessos gestures wildly while chanting.
Nessos blinks!
Nessos pounds the earth with their hooves.
Nessos shoots an arrow.
You block the arrow.
There is a stone staircase leading up, spattered with blood here.
You feel sick.
Nessos shoots an arrow.
The arrow hits you.
* * * LOW HITPOINT WARNING * * *
You are lethally poisoned!
Nessos shoots an arrow.
The arrow hits you.
* * * LOW HITPOINT WARNING * * *
You are more poisoned.
The skeletal warrior hits you with a +0 scimitar!
You die...

..###...# ........###
#............#
#######............#
...................#
...................#
.#'###.......>.....#
.#...#####.........#
.#.......#......@..#
.#.......#..ยง...Wz.#
.#......)#......z..#
.#.......'....c.z.##
.#.......#........#
.#########........#
..................#
................Ol#
......#########...#


You could see Nessos (fast), 3 skeletal warriors, a two-headed ogre, a basilisk
and a wraith.

Vanquished Creatures
  Agnes (D:14)
  A frost giant (IceCv)
  An orc warlord (Orc:1)
  Josephine (D:14)
  4 vault guards (D:13)
  3 hydras (D:14)
  3 ogre magi (Orc:2)
  2 boulder beetles
  A centaur warrior (D:14)
  2 two-headed ogres
  23 death yaks
  The ghost of vvl the Cudgeller, a novice GrFi of the Shining One (D:9)
  Nergalle (Orc:2)
  An orc knight (Orc:1)
  3 ugly things
  9 orc sorcerers
  2 manticores (D:13)
  A black mamba (Lair:4)
  A spectral centaur (D:9)
  An ice statue (IceCv)
  2 gargoyles
  10 cane toads
  Psyche (D:8)
  4 komodo dragons
  An unseen horror (D:5)
  8 rime drakes
  2 kobold demonologists
  5 trolls
  A meliai (D:11)
  5 blink frogs
  5 polar bears
  2 hornets (D:9)
  2 raiju (shapeshifter)
  A hornet (shapeshifter) (D:11)
  Prince Ribbit (D:7)
  A snapping turtle (Lair:3)
  A meliai zombie (D:9)
  5 slime creatures
  2 centaur simulacra (D:9)
  2 shadows
  2 culicivoras (Lair:3)
  2 wyverns
  A wraith (D:11)
  2 vampires
  50 yaks
  8 humans (D:13)
  A steam dragon (Lair:3)
  Grum (D:8)
  11 vampire mosquitoes
  2 basilisks
  An acid dragon (D:13)
  8 water moccasins
  11 orc warriors
  A black bear (D:5)
  7 ogres
  2 ice beasts
  A sky beast (D:7)
  23 wolves
  2 centaurs
  2 phantoms
  7 kobold brigands
  7 bullfrogs
  2 gnoll sergeants
  3 scorpions
  15 wights
  5 howler monkeys
  9 orc priests
  3 hounds (D:5)
  A gnoll bouda (D:5)
  3 jellies
  2 sleepcaps
  3 iguanas
  Ijyb (D:3)
  33 orc wizards
  18 gnolls
  7 adders
  A river rat (Lair:2)
  3 shadow imps
  2 white imps (D:6)
  An ufetubus (D:5)
  4 worms
  4 dart slugs
  60 orcs
  9 ball pythons
  9 bats
  12 endoplasms
  4 giant cockroaches
  9 goblins
  8 hobgoblins
  8 jackals
  8 quokkas
  3 frilled lizards
  21 kobolds
  6 rats
552 creatures vanquished.

Vanquished Creatures (others)
  2 orc wizards
2 creatures vanquished.

Grand Total: 554 creatures vanquished

Notes
Turn   | Place    | Note
-------+----------+-------------------------------------------
     0 | D:1      | Peloso the Minotaur Fighter began the quest for the Orb.
     0 | D:1      | Reached XP level 1. HP: 19/19 MP: 0/0
    64 | D:1      | Reached XP level 2. HP: 21/27 MP: 1/1
   197 | D:1      | Reached skill level 4 in Armour
   337 | D:1      | Reached XP level 3. HP: 30/33 MP: 2/2
   630 | D:2      | Found Sunuumn's Distillery.
   633 | D:2      | Noticed an ogre
   648 | D:2      | Killed an ogre
   649 | D:2      | Reached skill level 1 in Dodging
   649 | D:2      | Reached XP level 4. HP: 13/41 MP: 3/3
   649 | D:2      | Reached XP level 5. HP: 15/47 MP: 4/4
  1758 | D:3      | Found a faded altar of an unknown god.
  1832 | D:3      | Reached skill level 5 in Long Blades
  1962 | D:3      | Reached XP level 6. HP: 55/55 MP: 5/5
  2121 | D:3      | Noticed Ijyb
  2131 | D:3      | Killed Ijyb
  2481 | D:4      | Reached skill level 5 in Armour
  2532 | D:4      | Reached skill level 5 in Fighting
  2739 | D:4      | Identified the +6 short sword of the Imperium {vamp, rElec
                  | rN+ Str-5}
  2821 | D:4      | Identified the +2 robe of the Blessed Realm {-Cast rN+
                  | rCorr}
  2898 | D:4      | Found a staircase to the Ecumenical Temple.
  2909 | Temple   | Entered the Ecumenical Temple
  2916 | Temple   | Became a worshipper of Warmaster Okawaru
  3102 | D:5      | Entered Level 5 of the Dungeon
  3340 | D:5      | Reached skill level 1 in Short Blades
  3364 | D:5      | Reached skill level 5 in Shields
  3364 | D:5      | Reached XP level 7. HP: 58/61 MP: 6/6
  3467 | D:5      | Found an ornate altar of the Wu Jian Council.
  3471 | D:5      | Found a blossoming altar of Fedhas.
  3618 | D:5      | Reached skill level 6 in Armour
  3713 | D:5      | Reached * piety under Okawaru
  3767 | D:5      | HP: 2/61 [something (7)]
  3778 | D:5      | Killed an unseen horror
  3779 | D:5      | Reached XP level 8. HP: 21/70 MP: 5/7
  4862 | D:6      | Reached skill level 7 in Armour
  4890 | D:6      | Found a shimmering altar of Xom.
  4981 | D:6      | Found a radiant altar of Vehumet.
  5023 | D:6      | Found Ochion's Weapon Shop.
  5109 | D:6      | Found an ancient bone altar of Kikubaaqudgha.
  5428 | D:7      | Reached skill level 5 in Short Blades
  5433 | D:7      | Reached ** piety under Okawaru
  5575 | D:7      | Reached skill level 8 in Armour
  5594 | D:7      | Noticed Prince Ribbit
  5606 | D:7      | Killed Prince Ribbit
  5607 | D:7      | Reached XP level 9. HP: 78/78 MP: 5/8
  5789 | D:7      | Reached *** piety under Okawaru
  5948 | D:7      | Found a hide-covered altar of Uskayaw.
  6092 | D:7      | Found a sparkling altar of Nemelex Xobeh.
  6170 | D:6      | Reached skill level 9 in Armour
  6315 | D:7      | Reached **** piety under Okawaru
  6672 | D:8      | Found Cam Vusk's Weapon Emporium.
  6874 | D:7      | Reached XP level 10. HP: 83/85 MP: 9/9
  6926 | D:8      | Reached skill level 10 in Armour
  7019 | D:8      | Noticed Grum
  7042 | D:8      | Killed Grum
  7196 | D:8      | Found a sacrificial altar of Ru.
  7196 | D:8      | Found a broken altar of Ashenzari.
  7200 | D:8      | Noticed Psyche
  7213 | D:8      | Killed Psyche
  7213 | D:8      | Reached ***** piety under Okawaru
  7441 | D:8      | Found a glowing silver altar of Zin.
  7441 | D:8      | Found a glowing golden altar of the Shining One.
  7441 | D:8      | Found a white marble altar of Elyvilon.
  7690 | D:10     | Entered Level 10 of the Dungeon
  8242 | D:10     | Received a gift from Okawaru
  8245 | D:10     | Reached skill level 11 in Armour
  8314 | D:10     | Reached skill level 1 in Stealth
  8328 | D:10     | Reached skill level 1 in Invocations
  8499 | D:10     | Reached skill level 10 in Short Blades
  8640 | D:10     | Reached XP level 11. HP: 86/95 MP: 10/10
  9371 | D:9      | Found a runed translucent gate.
  9371 | D:9      | Found a runed translucent gate.
  9372 | D:9      | Found a runed translucent gate.
  9375 | D:9      | Noticed vvl's ghost (novice GrFi)
  9736 | D:11     | Found a staircase to the Orcish Mines.
  9767 | D:11     | Noticed a two-headed ogre
  9780 | D:11     | Killed a two-headed ogre
 10154 | D:11     | Found a staircase to the Lair.
 10366 | D:11     | Noticed a brown ugly thing
 10376 | D:11     | Reached skill level 12 in Armour
 10387 | D:11     | Killed a brown ugly thing
 10507 | D:11     | Noticed a boulder beetle
 10558 | D:11     | Killed a boulder beetle
 10559 | D:11     | Reached skill level 10 in Fighting
 10787 | D:11     | Identified the staff of death "Kiemeen" {rPois rN+ Str+9
                  | Dex-2}
 10844 | D:11     | Noticed a four-headed hydra
 11019 | Lair:1   | Entered Level 1 of the Lair of Beasts
 11175 | Lair:1   | Reached skill level 10 in Shields
 11926 | Lair:1   | Reached skill level 5 in Dodging
 11984 | Lair:1   | Received a gift from Okawaru
 11985 | Lair:1   | Reached XP level 12. HP: 102/107 MP: 12/12
 12003 | Lair:1   | Identified the +2 robe of the Stopping Gods {rC- rN+++
                  | rCorr Dex+2}
 12785 | D:12     | Noticed a boulder beetle
 12821 | D:12     | Killed a boulder beetle
 12911 | D:12     | Reached skill level 13 in Armour
 13272 | D:12     | Found Gafabrud's Jewellery Shoppe.
 13365 | D:12     | Found Qonuk's Weapon Shop.
 13383 | D:12     | Found Xyhuptia's General Store.
 13827 | Orc:1    | Entered Level 1 of the Orcish Mines
 14187 | Orc:1    | Noticed an orc warlord
 14284 | Orc:1    | Killed an orc warlord
 14579 | Orc:2    | Entered Level 2 of the Orcish Mines
 15028 | Orc:2    | Found a staircase to the Elven Halls.
 15218 | Orc:2    | Paralysed by an orc sorcerer for 5 turns
 15227 | Orc:2    | Paralysed by an orc sorcerer for 5 turns
 15297 | Orc:2    | Found an ancient bone altar of Kikubaaqudgha.
 15298 | Orc:2    | Noticed Nergalle
 15410 | Orc:2    | Killed Nergalle
 15411 | Orc:2    | Reached skill level 14 in Armour
 15494 | Orc:2    | Found a radiant altar of Vehumet.
 15499 | Orc:2    | Noticed an ogre mage
 15518 | Orc:2    | Killed an ogre mage
 15518 | Orc:2    | Received a gift from Okawaru
 15532 | Orc:2    | Paralysed by an orc sorcerer for 3 turns
 15591 | Orc:2    | Noticed an ogre mage
 15600 | Orc:2    | Noticed an ogre mage
 15605 | Orc:2    | Found Bereew's Antique Weapon Shoppe.
 15612 | Orc:2    | Killed an ogre mage
 15612 | Orc:2    | Received a gift from Okawaru
 15613 | Orc:2    | Reached XP level 13. HP: 118/118 MP: 12/14
 15633 | Orc:2    | Found Cohiow's Book Emporium.
 15646 | Orc:2    | Found Axzunar's Book Shoppe.
 15825 | Orc:2    | Found Jivaiwk's Distillery.
 16159 | D:13     | Found Vudd's Antique Armour Shoppe.
 16503 | D:13     | Found a gate to the Vaults.
 16959 | Lair:2   | Identified the +3 buckler "Doquata" {rF++ Will+} (Okawaru
                  | gifted it to you on level 2 of the Lair of Beasts)
 16959 | Lair:2   | Received a gift from Okawaru
 16994 | Lair:2   | Found a frozen archway.
 17002 | IceCv    | Entered an ice cave
 17311 | IceCv    | Noticed a frost giant
 17365 | IceCv    | Killed a frost giant
 17898 | IceCv    | Reached skill level 15 in Armour
 18335 | Lair:2   | Reached XP level 14. HP: 129/129 MP: 15/15
 19486 | Lair:3   | Found a staircase to the Shoals.
 19696 | Lair:3   | Found a hole to the Spider Nest.
 20966 | Lair:3   | Received a gift from Okawaru
 21218 | Lair:4   | Found a large runed translucent door.
 21218 | Lair:4   | Found a large runed translucent door.
 21274 | Lair:4   | Noticed HunfridMar's ghost (journeyman DECj)
 21327 | Lair:4   | Identified the +11 short sword "Miluom" {antimagic, rPois
                  | Int+9 Dex-4}
 21338 | Lair:4   | Found an ancient bone altar of Kikubaaqudgha.
 21808 | D:14     | Noticed Agnes
 21831 | D:14     | Killed Agnes
 22289 | D:9      | Reached skill level 15 in Shields
 22345 | D:9      | Killed vvl's ghost
 22808 | D:14     | Noticed Josephine
 22823 | D:14     | Reached skill level 16 in Armour
 22841 | D:14     | Killed Josephine
 22861 | D:14     | Noticed Nessos
 22907 | D:14     | HP: 3/133 [Nessos/arrow (5)]
 22907 | D:14     | Mangled by a skeletal warrior

Illustrated notes

Levels and vault maps discovered:
D:1:      psy_arrival_spokes, layout_rooms, serial_bayou_lagoon_a,
          minmay_box_of_dots
D:2:      layout_basic, serial_shops, nicolae_shop_industrial_runoff,
          grunt_ministairs_15, chequers_serial_rivers_micro_c
D:3:      layout_basic, ebering_ecumenical_altar_abandoned, uniq_ijyb
D:4:      layout_rooms, temple_fountains
D:5:      minmay_chambers_of_fours, layout_rooms, nicolae_overflow_hidden_temple
D:6:      layout_basic, lemuel_tele_altar, vehumet_crystals,
          mainiacjoe_overflow_alcove_2, serial_shops,
          nicolae_shop_bloodbath_and_beyond
D:7:      layout_basic, nemelex_diamond_rough_becter,
          nicolae_uskayaw_murder_on_the_dancefloor, uniq_prince_ribbit1
D:8:      layout_basic, dreamdust_divine_triumvirate,
          mainiacjoe_overflow_large_starburst, serial_shops,
          nicolae_shop_waterfront, uniq_psyche, uniq_grum
D:9:      layout_basic, gammafunk_ghost_necromancy, special_room
          [special_room_kobold]
D:10:     layout_roguey
D:11:     minmay_tri_box, layout_long_grid, kennysheep_generic_room_11
D:12:     layout_stronghold, serial_shops, shop, nicolae_lakefront_shop, shop
D:13:     layout_rooms, ximxim_vaults_locker_room, serial_shops, shop_statue
D:14:     layout_irregular_city, uniq_agnes, uniq_josephine, uniq_nessos
Temple:   hellmonk_temple_micro_hex
Lair:1:   wad_woods_structure_01, layout_layer_cave, beast_lair_carwin_1
Lair:2:   layout_roguey, portal_ice_cave_entry_pillars_2,
          minmay_stone_trees_small, pond
Lair:3:   layout_big_grid, minmay_shoals_entry_hut,
          hellmonk_spider_entry_life_and_decay, st_stairs_5,
          grunt_forest_small_clearing_treed
Lair:4:   layout_gridlike, dpeg_slime_entry_enclosed, basic_altar,
          ebering_ghost_disaster_area
Orc:1:    layout_diamond_mine
Orc:2:    kennysheep_orc_mage_school, layout_caves

Skill      XL: |  1  2  3  4  5  6  7  8  9 10 11 12 13 14 |
---------------+-------------------------------------------+-----
Long Blades    | 3 4 5 |  5.9
Armour         | 4 5 6 8 9 11 12 14 15 16 | 16.0
Fighting       | 4 5 6 7 8 10 12 13 14 | 14.6
Shields        | 4 5 6 7 8 10 11 13 15 | 15.3
Dodging        | 1 2 3 4 5 6 7 |  7.4
Short Blades   | 1 3 6 8 10 11 12 13 | 13.2
Stealth        | 1 2 3 |  3.0
Invocations    | 1 2 3 |  3.9
Evocations     | |  0.4

Action                     |  1- 3 |  4- 6 |  7- 9 | 10-12 | 13-15 || total
---------------------------+-------+-------+-------+-------+-------++-------
  Melee: Long sword        |   104 |    87 |       |       |       ||   191
         Headbutt          |    19 |    23 |    93 |   410 |   449 ||   994
         Short sword       |       |    43 |   343 |  1291 |  1380 ||  3057
 Invoke: Heroism           |       |       |     2 |     8 |    19 ||    29
  Evoke: Wand              |       |       |       |       |     2 ||     2
    Use: Scroll            |       |     5 |     2 |    17 |    13 ||    37
         Potion            |       |     1 |     4 |     1 |     2 ||     8
 Armour: Scale mail        |    61 |    43 |    38 |       |       ||   142
         Chain mail        |       |       |    87 |   380 |   104 ||   571
         Crystal plate arm |       |       |       |       |   441 ||   441
  Dodge: Dodged            |    62 |    75 |   116 |   356 |   299 ||   908
  Block: Buckler           |    46 |    40 |   107 |   304 |   476 ||   973
         Kite shield       |       |       |       |       |    27 ||    27
